 Dungeon Crawl Stone Soup version 0.17-a0-1046-ga09e34d (webtiles) character file.

25 RobertPalmer the Slasher (level 3, -8/34 HPs)
             Began as a Naga Chaos Knight on May 15, 2015.
             Mangled by an iron imp (11 damage)
             ... summoned by Xom
             ... on level 2 of the Dungeon.
             The game lasted 00:01:58 (1318 turns).

RobertPalmer the Slasher (Naga Chaos Knight)        Turns: 1318, Time: 00:01:58

Health: -8/34      AC:  5    Str: 13 (14) XL:     3   Next: 6%
Magic:  3/3        EV:  9    Int: 18      God:    Xom [*.....]
Gold:   79         SH:  0    Dex: 10      Spells: 0 memorised, 2 levels left

rFire  . . .     SeeInvis +     a - +0 falchion (chaos)
rCold  . . .     Clarity  .     b - +2 leather armour
rNeg   . . .     SustAb   .     (no shield)
rPois  +         Gourm    .     (no helmet)
rElec  .         Spirit   .     (no cloak)
rCorr  .         Warding  .     n - +0 pair of gloves
rMut   .         Stasis   .     (no barding)
MR     .....                    (no amulet)
Stlth  +.........               (no ring)
                                (no ring)

@: brilliant, very slow, not resistant to hostile enchantments, very unstealthy
A: see invisible, deformed body, poison resistance, slowness 2, slow metabolism
1, spit poison 2, AC +1
a: Spit Poison, Renounce Religion


You were on level 2 of the Dungeon.
You worshipped Xom.
You were a special plaything of Xom.
You were hungry.

You visited 1 branch of the dungeon, and saw 2 of its levels.

You collected 79 gold pieces.

Inventory:

Hand weapons
 a - a +0 falchion of chaos (weapon)
Armour
 b - a +2 leather armour (worn)
 n - a +0 pair of gloves (worn)
   (You found it on level 2 of the Dungeon)
Scrolls
 e - a scroll of magic mapping {unknown}
 h - 3 scrolls of remove curse {unknown}
 j - 2 scrolls of fog {unknown}
 k - a scroll of enchant weapon {unknown}
 m - a scroll of identify {unknown}
 o - a scroll of amnesia {unknown}
Potions
 p - a potion of resistance {unknown}
Comestibles
 c - a bread ration {@e1}
 d - a meat ration {@e2}
 f - a beef jerky
 l - a slice of pizza
 q - a royal jelly


   Skills:
 - Level 3.0 Fighting
 + Level 4.1 Long Blades
 - Level 1.5 Armour
 - Level 0.7 Dodging


You had 2 spell levels left.
You didn't know any spells.

Dungeon Overview and Level Annotations

Branches:
Dungeon (2/15)

Altars:


Innate Abilities, Weirdness & Mutations

You cannot wear boots.
Your serpentine skin is tough (AC +1).
You have supernaturally acute eyesight.
Armour fits poorly on your strangely shaped body.
Your system is resistant to poisons.
You cover ground very slowly.
You have a slow metabolism.
You can spit poison.


Message History

You take 1 damage, and have 25/28 hp.
You hit the jackal.
There is a sudden explosion of sparks!
You kill the jackal!
You have reached level 3!
Your experience leads to an increase in your attributes!
Increase (S)trength, (I)ntelligence, or (D)exterity?
You feel clever.
Your skin feels tougher.
You regained 5 hp, and now have 30/34 hp.
MP restored: 3 You see here a jackal corpse.
You hit the jackal.
The jackal flickers and vanishes for a moment.
You hit the jackal.
You feel better.
You kill the jackal!
Health restored: 34 No target in view!
No target in view!
You see here a jackal corpse.
The jackal bites you. x2
You take 3 damage, and have 31/34 hp.
A jackal is nearby!
You hit the jackal. You drain the jackal!
You kill the jackal!
No target in view!
No target in view!
No target in view!
You see here a jackal corpse.
You open the door.
There is an open door here.
You now have 79 gold pieces (gained 9).
You open the door.
There is an open door here.
You open the door.
There is an open door here.
p - a murky blue potion You see here 24 sling bullets.
You see here a jackal corpse.
You see here a jackal corpse.
You are feeling hungry.
You see here a pair of boots.
You open the door.
There is an open door here.
You open the door.
There is an open door here. "You have grown too confident for your meagre worth."
You feel weakened.
Health restored: 34 Unknown command.
Unknown command.
Unknown command.
There is a stone staircase leading up here.
There is a stone staircase leading down here.
q - a royal jelly You hear Xom's maniacal laughter.
You barely miss the iron imp. You slash the iron imp!
The iron imp seems to speed up.
Xom is amused.
The iron imp misses you. The iron imp barely misses you.
You barely miss the iron imp. The iron imp hits you!
A shower of butterflies erupts from you!
You take 9 damage, and have 25/34 hp.
MASSIVE DAMAGE!!
You barely miss the iron imp.
The iron imp hits you but does no damage.
You barely miss the iron imp.
The iron imp picks up a beetle and eats it.
The iron imp hits you. x2
You take 4 damage, and have 21/34 hp.
You closely miss the iron imp. The iron imp closely misses you.
You hit the iron imp. The iron imp hits you.
You take 5 damage, and have 16/34 hp.
You barely miss the iron imp. The iron imp hits you!
* * * LOW HITPOINT WARNING * * *
The iron imp grinds its teeth.
The iron imp barely misses you.
You take 8 damage, and have 8/34 hp.
MASSIVE DAMAGE!!
You hit the iron imp. The iron imp hits you.
* * * LOW HITPOINT WARNING * * *
You take 1 damage, and have 7/34 hp.
Unknown command.
You hit the iron imp but do no damage. The iron imp hits you.
* * * LOW HITPOINT WARNING * * *
You take 2 damage, and have 5/34 hp.
Unknown command.
Drink which item? (? for menu, Esc to quit)
It was a potion of curing.
You feel better.
Xom thinks this is hilarious!
The iron imp hits you!
* * * LOW HITPOINT WARNING * * *
You take 3 damage, and have 2/34 hp.
Unknown command.
Unknown command.
Unknown command.
Drink which item? (? for menu, Esc to quit)
It was a potion of brilliance.
You feel clever all of a sudden. The iron imp hits you!
You die...

#... # #..#.# ##..#.#
##..... .b..# .. #..#
(.. ###b.# #.# ####
#>.5@# #.# #.. #.#b##
###.#+## #.# #.#...
......## #.# #.#####
##.....###.# #..##
##.......##.##
##...####.........#.##
##.......'.........'...
#.....####.........#.##
#.##.## ##..<....##.##


You could see an iron imp.

Vanquished Creatures
  A ball python (D:1)
  A giant cockroach (D:1)
  3 hobgoblins (D:1)
  3 kobolds
  4 bats
  A giant newt (D:1)
  2 goblins
  7 jackals
  2 rats (D:1)
24 creatures vanquished.

Notes
Turn   | Place    | Note
--------------------------------------------------------------
     0 | D:1      | RobertPalmer the Naga Chaos Knight began the quest for the Orb.
     0 | D:1      | Reached XP level 1. HP: 21/21 MP: 1/1
    27 | D:1      | XOM: harmless Pois miscast
   126 | D:1      | Reached XP level 2. HP: 25/28 MP: 2/2
   768 | D:2      | XOM: noise
   823 | D:2      | XOM: silly message
   881 | D:2      | Reached skill level 4 in Long Blades
   924 | D:2      | XOM: mild Fire miscast
  1006 | D:2      | XOM: 3-stop teleportation journey
  1015 | D:2      | Reached XP level 3. HP: 30/34 MP: 3/3
  1243 | D:2      | XOM: stat loss: -1 Str (13/14)
  1306 | D:2      | XOM: summons 1 hostile demon
  1309 | D:2      | XOM: butterfly on damage
  1314 | D:2      | HP: 8/34 [iron imp[Xom] (8)]
  1317 | D:2      | HP: 2/34 [iron imp[Xom] (11)]
  1318 | D:2      | Mangled by an iron imp

Vault maps used:
D:1:      dpeg_arrival_chambers_temple_mockup, hex_large
D:2:      kennysheep_big_flooded_room

Action                   || total
-------------------------++-------
Melee: Falchion          ||    95
  Use: Potion            ||     2

Vault maps used:
D:1:      dpeg_arrival_chambers_temple_mockup, hex_large
D:2:      kennysheep_big_flooded_room

Table legend:
 A = Turns spent in this place as a percentage of turns spent in the entire game.
 B = Non-inter-level travel turns spent in this place as a percentage of non-inter-level travel turns spent in the entire game.
 C = Inter-level travel turns spent in this place as a percentage of turns spent in this place.
 D = Turns resting spent in this place as a percentage of non-inter-level travel turns spent in this place.
 E = Turns spent auto-exploring this place as a percentage of non-inter-level travel turns spent in this place.
 F = Non-inter-level travel turns spent in this place divided by the number of levels of this place that you've seen.
                   A       B       C       D       E      F
               +-------+-------+-------+-------+-------+----------------------
         Total | 100.0 | 100.0 |   0.3 |   0.0 |  14.5 | 155.0
       Dungeon | 100.0 | 100.0 |   0.3 |   0.0 |  14.5 | 155.0
               +-------+-------+-------+-------+-------+----------------------

Table legend:
 A = Kills in this place as a percentage of kills in entire the game.
 B = Kills by you in this place as a percentage of kills by you in the entire game.
 C = Kills by friends in this place as a percentage of kills by friends in the entire game.
 D = Other kills in this place as a percentage of other kills in the entire game.
 E = Experience gained in this place as a percentage of experience gained in the entire game.
 F = Experience gained in this place divided by the number of levels of this place that you have seen.
                   A       B       C       D       E      F
               +-------+-------+-------+-------+-------+----------------------
         Total | 100.0 | 100.0 |  -nan |  -nan | 100.0 |  18.5
       Dungeon | 100.0 | 100.0 |  -nan |  -nan | 100.0 |  18.5
               +-------+-------+-------+-------+-------+----------------------
